 Dungeon Crawl Stone Soup version 0.26-a0-652-gafc20e3620 (webtiles) character file.

Game seed: 2098448183221750766

170 smeego the Shield-Bearer (level 5, -3/36 HPs)
             Began as an Octopode Fighter on Oct 3, 2020.
             Slain by an orc
             ... wielding a +0 trident
              (11 damage)
             ... on level 3 of the Dungeon.
             The game lasted 00:02:46 (2662 turns).

smeego the Shield-Bearer (Octopode Fighter)         Turns: 2662, Time: 00:02:46

Health: -3/36      AC:  1    Str: 15    XL:     5   Next: 51%
Magic:  5/5        EV: 12    Int: 12    God:
Gold:   111        SH: 14    Dex: 11    Spells: 4/4 levels left

rFire    . . .     SeeInvis .   a - +0 long sword
rCold    . . .     Faith    .   b - +1 kite shield
rNeg     . . .     Spirit   .   (helmet restricted)
rPois    .         Reflect  +   g - amulet of reflection
rElec    .         Harm     .   (no ring)
rCorr    .         Rampage  .   (no ring)
MR       .....                  (no ring)
Stlth    +++.......             (no ring)
HPRegen  0.12/turn              (no ring)
MPRegen  0.09/turn              (no ring)
                                (no ring)
                                (no ring)

@: no status effects
A: almost no armour, stealthy swim, amphibious, 8 rings, constrict 8, camouflage
1, gelatinous body 1
a: no special abilities


You were on level 3 of the Dungeon.
You visited 1 branch of the dungeon, and saw 3 of its levels.

You collected 111 gold pieces.

Inventory:

Hand Weapons
 a - a +0 long sword (weapon)
 i - a +1 dagger of protection
Missiles
 l - a throwing net (quivered)
Armour
 b - a +1 kite shield (worn)
Jewellery
 g - an amulet of reflection (around mantle)
 k - an uncursed amulet of guardian spirit
Scrolls
 d - 2 scrolls of teleportation
 h - 2 scrolls of enchant armour
Potions
 c - a potion of might
 e - a potion of stabbing {unknown}
 f - 2 potions of lignification
 j - a potion of berserk rage {unknown}
 m - a potion of invisibility {unknown}


   Skills:
 + Level 3.4 Fighting
 * Level 3.3 Long Blades
 + Level 1.6 Throwing
 + Level 3.4 Dodging
 + Level 2.3 Stealth
 + Level 3.4 Shields
 + Level 1.2 Unarmed Combat


You had 4 spell levels left.
You didn't know any spells.
Your spell library was empty.

Dungeon Overview and Level Annotations

Branches:
Dungeon (3/15)

Altars:
Kikubaaqudgha
Okawaru


Innate Abilities, Weirdness & Mutations

You cannot wear most types of armour.
You are very stealthy in the water. (Stealth+)
You are amphibious.
You can wear up to eight rings at the same time.
You can use your tentacles to constrict eight enemies at once.
Your skin changes colour to match your surroundings (Stealth+).
Your rubbery body absorbs attacks. (AC +1, EV +1)


Message History

The adder is severely wounded.
The adder barely misses you.
The orc hits you from afar with a +0 trident.
The adder bites you. The orc barely misses you.
You hit the adder but do no damage. You grab the adder.
The adder is severely wounded.
You constrict the adder. You block the adder's attack.
The adder closely misses you. You block the orc's attack.
Unknown command.
You slash the adder!
You kill the adder!
You block the orc's attack.
Unknown command.
You block the orc's attack.
You hit the orc but do no damage. Your grab misses the orc.
The orc hits you with a +0 trident!
* * * LOW HITPOINT WARNING * * *
You barely miss the orc. Your grab misses the orc. You block the orc's attack.
The orc hits you with a +0 trident!
You die...

####...
.......
.......
....... .....
#... ##..o##
#....@##
#.##.##<# ..
#?# #.# #.# ..
.## # #
##......≈≈≈≈..
............?
o§....≈≈≈≈≈.
...o.≈≈≈≈≈.


You could see an orc.

Vanquished Creatures
  A vampire bat (D:2)
  4 gnolls (D:2)
  4 adders
  2 dart slugs (D:1)
  2 leopard geckos
  7 bats
  3 bat skeletons (D:2)
  2 bat zombies (D:2)
  4 giant cockroaches
  4 goblins
  7 hobgoblins
  3 kobolds (D:2)
  2 quokkas (D:2)
  4 frilled lizards
  5 rats
54 creatures vanquished.

Notes
Turn   | Place    | Note
-------+----------+-------------------------------------------
     0 | D:1      | smeego the Octopode Fighter began the quest for the Orb.
     0 | D:1      | Reached XP level 1. HP: 16/16 MP: 1/1
   312 | D:1      | Reached XP level 2. HP: 19/21 MP: 2/2
   739 | D:1      | Reached XP level 3. HP: 21/26 MP: 3/3
  1228 | D:2      | Reached skill level 1 in Stealth
  1309 | D:2      | HP: 1/39 [poisoned by an adder]
  1750 | D:2      | Reached skill level 1 in Throwing
  1794 | D:2      | Reached XP level 4. HP: 26/31 MP: 4/4
  1878 | D:2      | Reached skill level 1 in Unarmed Combat
  1981 | D:2      | Found an iron altar of Okawaru.
  2328 | D:2      | Reached XP level 5. HP: 36/36 MP: 5/5
  2339 | D:2      | Found an ancient bone altar of Kikubaaqudgha.
  2662 | D:3      | Slain by an orc

Illustrated notes

Levels and vault maps discovered:
D:1:      dpeg_cavernosity, layout_basic, grunt_decor_clamped
D:2:      layout_rooms, kennysheep_vampire_church, okawaru_ov_weapons_minmay,
          hangedman_decor_growths
D:3:      layout_loops_ring, nicolae_gozag_cash_rules_everything_around_me,
          hangedman_decor_push, minivault_14, fedhas_ov_isle_minmay,
          uniq_terence

Skill      XL: |  1  2  3  4  5 |
---------------+----------------+-----
Stealth        | 1 2 |  2.3
Throwing       | 1 |  1.6
Long Blades    | 3 |  3.3
Unarmed Combat | 1 |  1.2
Fighting       | |  3.4
Dodging        | |  3.4
Shields        | |  3.4

Action                   |  1- 3 |  4- 6 || total
-------------------------+-------+-------++-------
Melee: Long sword        |    58 |    52 ||   110
       Constrict         |    15 |    12 ||    27
       Tentacles         |     5 |    11 ||    16
       Unarmed           |     2 |       ||     2
  Use: Scroll            |     2 |     2 ||     4
       Potion            |     2 |       ||     2
 Stab: Sleeping          |     9 |     1 ||    10
Armor: Skin              |     4 |     4 ||     8
Dodge: Dodged            |    22 |    24 ||    46
Block: Kite shield       |    29 |    49 ||    78
       Reflection        |       |     1 ||     1
       Rpst.: Long sword |     5 |     3 ||     8

Table legend: (Time is in decaauts)
 A = Elapsed time spent in this place.
 B = Non-inter-level travel time spent in this place.
 C = Inter-level travel time spent in this place.
 D = Time resting spent in this place.
 E = Time spent auto-exploring this place.
 F = Levels seen in this place.
 G = Mean time per level.
                   A        B        C        D        E       F      G
               +--------+--------+--------+--------+--------+-----+--------+
         Total |   2699 |   2678 |     21 |    659 |   1608 |   3 |  899.7 |
       Dungeon |   2699 |   2678 |     21 |    659 |   1608 |   3 |  899.7 |
               +--------+--------+--------+--------+--------+-----+--------+

Top non-repeatable levels by time:
     D:2: 1602 daAuts
     D:1: 1054 daAuts
     D:3: 42 daAuts
